 Dungeon Sprint DCSS version 0.28.0-1-gb440e238dd (webtiles) character file.

Game seed: 15059705124667593378

96 boopmooplesden the Skirmisher (level 4, -11/45 HPs)
             Began as a Minotaur Fighter on Feb 23, 2022.
             Killed from afar by an oklob sapling (15 damage)
             ... with a splash of acid
             ... in the Dungeon (Sprint IV: "Fedhas' Mad Dash").
             The game lasted 00:00:44 (343 turns).

boopmooplesden the Skirmisher (Minotaur Fighter)     Turns: 343, Time: 00:00:45

Health: -11/45     AC:  3    Str: 22    XL:     4   Next: 41%
Magic:  1/3        EV:  9    Int:  5    God:
Gold:   48         SH:  5    Dex: 10    Spells: 3/3 levels left

rFire   . . .      SeeInvis .   a - +0 war axe
rCold   . . .      Faith    .   c - +0 buckler
rNeg    . . .      Spirit   .   b - +0 scale mail
rPois   .          Reflect  .   (helmet restricted)
rElec   .          Harm     .   (no cloak)
rCorr   .          Rampage  .   (no gloves)
Will    .....      NoTele   +   (no boots)
Stlth   ..........              d - amulet of invisibility {+Inv}
HPRegen 0.15/turn               (no ring)
MPRegen 0.08/turn               (no ring)

@: corroded, very slightly contaminated, invisible
A: horns 2, retaliatory headbutt
a: Evoke Invisibility


You were in the Dungeon.
You visited 1 branch You collected 48 gold pieces.

Inventory:

Hand Weapons
 a - a +0 war axe (weapon)
Armour
 b - a +0 scale mail (worn)
 c - a +0 buckler (worn)
Jewellery
 d - the amulet of invisibility (around neck) {+Inv}
   (You found it in the Dungeon)

   [amulet of nothing]

   +Inv:      It lets you turn invisible.
Potions
 e - a potion of curing
 g - a potion of haste
 h - 2 potions of magic
 i - a potion of berserk rage


   Skills:
 + Level 6.8 Fighting
 + Level 4.6 Axes
 + Level 6.7 Armour
 + Level 6.4 Shields
 + Level 0.2 Evocations


You had 3 spell levels left.
You didn't know any spells.
Your spell library was empty.

Dungeon Overview and Level Annotations

Branches:
Dungeon (1/1)

Altars:

Annotations:
D exclusion: oklob sapling


Innate Abilities, Weirdness & Mutations

You have a pair of horns on your head.
You reflexively headbutt those who attack you in melee.


Message History

You hit the oklob sapling but do no damage.
The oklob sapling spits acid at you. The splash of acid hits you!
You slash the oklob sapling!
You destroy the oklob sapling!
You now have 48 gold pieces (gained 18).
You flicker for a moment.
You see here a +0 dagger.
You are already invisible!
You start resting.
You flicker back into view.
You start resting.
Magic restored.
You start resting.
Your magical contamination has completely faded away.
You start resting.
HP restored.
You fail to use your ability.
You open the door.
An oklob sapling comes into view.
Marking area around an oklob sapling as unsafe for travelling.
Found 3 gold pieces.
You fade into invisibility!
You are very lightly contaminated with residual magic.
Found 16 gold pieces.
The oklob sapling spits acid at something.
The splash of acid hits you!!
There is an open door here.
You hit the oklob sapling.
The oklob sapling is heavily damaged.
The oklob sapling spits acid at you. The splash of acid hits you!!
Ouch! That really hurt!
* * * LOW HITPOINT WARNING * * *
The acid corrodes you!
You hit the oklob sapling but do no damage.
The oklob sapling is heavily damaged.
The oklob sapling spits acid at you. The splash of acid hits you!
You die...

##################
#<...#.÷...#.....#
#PP..÷.(...'.#)).+
#PP..#.....#.#...#
###############'##
+@..# #$P$# #####


You could see an oklob sapling.

Vanquished Creatures
  A scorpion (D)
  An oklob sapling (D)
  A river rat (D)
  A rat (D)
4 creatures vanquished.

Vanquished Creatures (others)
  3 fungi (D)
3 creatures vanquished.

Grand Total: 7 creatures vanquished

Notes
Turn   | Place    | Note
-------+----------+-------------------------------------------
     0 | D        | boopmooplesden the Minotaur Fighter began the quest for the
                  | Orb.
     0 | D        | Reached XP level 1. HP: 19/19 MP: 0/0
    17 | D        | Reached XP level 2. HP: 28/28 MP: 1/1
    25 | D        | Noticed a scorpion
    25 | D        | Found the amulet of invisibility {+Inv}
    30 | D        | Killed a scorpion
    31 | D        | Reached XP level 3. HP: 11/38 MP: 2/2
    31 | D        | Reached XP level 4. HP: 14/45 MP: 3/3
   343 | D        | Killed from afar by an oklob sapling

Illustrated notes

Levels and vault maps discovered:
D:        dungeon_sprint_fedhas [sprint_temple]

Skill      XL: |  1  2 |
---------------+-------+-----
Fighting       | 4 6 |  6.8
Armour         | 4 6 |  6.7
Shields        | 4 6 |  6.4
Axes           | 4 |  4.6
Evocations     | |  0.2

Action                   |  1- 3 |  4- 6 || total
-------------------------+-------+-------++-------
Melee: War axe           |    13 |     4 ||    17
       Headbutt          |     3 |       ||     3
 Abil: Evoke Invisibilit |       |     2 ||     2
  Use: Potion            |     2 |       ||     2
       Scroll            |     1 |       ||     1
Armor: Scale mail        |     5 |       ||     5
Dodge: Dodged            |     4 |       ||     4
Block: Buckler           |     4 |       ||     4
